 Dungeon Crawl Stone Soup version 0.21-a0-621-gc60411f (webtiles) character file.

2636 mopl the Covert (level 9, -10/60 HPs)
             Began as a Red Draconian Assassin on Dec 23, 2017.
             Was a Follower of Hepliaklqana.
             Shot with a sling bullet by Joseph (17 damage)
             ... on level 7 of the Dungeon.
             The game lasted 00:16:40 (7889 turns).

mopl the Covert (Red Draconian Assassin)            Turns: 7889, Time: 00:16:41

Health: -10/60     AC:  9    Str: 13    XL:     9   Next: 35%
Magic:  11/11      EV: 11    Int: 12    God:    Hepliaklqana [*.....]
Gold:   382        SH:  0    Dex: 16    Spells: 8/8 levels left

rFire    + . .     SeeInvis +   b - +0 blowgun
rCold    . . .     Gourm    +   (no shield)
rNeg     . . .     Faith    .   (armour unavailable)
rPois    +         Spirit   .   (helmet restricted)
rElec    .         Reflect  .   d - +0 cloak
rCorr    .         Harm     .   (no gloves)
MR       .....                  D - +0 pair of boots
Stlth    ++++......             m - amulet of the gourmand
HPRegen  0.20/turn              s - ring of see invisible
MPRegen  0.12/turn              u - ring of poison resistance

@: heavily drained
A: breathe fire, unfitting armour, reduced essence, fire resistance 1,
cold-blooded, AC +7
a: Breathe Fire, Recall Ancestor, Ancestor Identity, Renounce Religion


You were on level 7 of the Dungeon.
You worshipped Hepliaklqana.
Hepliaklqana was aware of your devotion.
You were completely stuffed.

You visited 1 branch of the dungeon, and saw 7 of its levels.

You collected 382 gold pieces.

Inventory:

Hand Weapons
 a - a +2 dagger
 b - a +0 blowgun (weapon)
 z - a +1 falchion of freezing
Missiles
 e - 2 curare-tipped needles
 r - 9 poisoned needles (quivered)
 v - 12 tomahawks
 C - 5 javelins of penetration
Armour
 c - a +0 cloak
 d - a +0 cloak (worn)
 D - a +0 pair of boots (worn)
Jewellery
 m - an amulet of the gourmand (around neck)
 s - a ring of see invisible (left hand)
 u - a ring of poison resistance (right hand)
 x - an uncursed ring of positive energy
Wands
 A - a wand of scattershot (9)
Scrolls
 i - a scroll of immolation {unknown}
 p - 2 scrolls of blinking {unknown}
 q - 3 scrolls of amnesia {unknown}
 t - a scroll of remove curse {unknown}
 y - 2 scrolls of fog {unknown}
 E - a scroll of noise {unknown}
 G - 3 scrolls of random uselessness {unknown}
 H - a scroll of magic mapping {unknown}
 K - a scroll of brand weapon {unknown}
Potions
 g - 2 potions of heal wounds {unknown}
 h - a potion of haste
 j - a potion of might
 k - a potion of agility
 l - 2 potions of mutation {!q}
 n - 2 potions of brilliance
 o - 4 potions of flight
 w - 2 potions of lignification {!q}
 B - a potion of magic
 F - a potion of berserk rage {!q}
 I - a potion of curing
Comestibles
 f - 11 rations
 J - a chunk of flesh


   Skills:
 - Level 2.1(1.0) Fighting
 + Level 6.4(5.0) Short Blades
 + Level 5.7(4.4) Throwing
 - Level 0.8(0.0) Dodging
 * Level 9.4(8.0) Stealth
 + Level 3.9(2.7) Invocations


You had 8 spell levels left.
You didn't know any spells.

Dungeon Overview and Level Annotations

Branches:
Dungeon (7/15)             Temple (0/1) D:6

Altars:
Dithmenos
Elyvilon
Hepliaklqana
Okawaru
Ru
Sif Muna
Uskayaw
Wu Jian
Yredelemnul
The Shining One

Shops:
D:4 [   D:6 (

Annotations:
D:7 Joseph


Innate Abilities, Weirdness & Mutations

You can breathe blasts of fire.
Your fiery red scales are hard. (AC +7)
You cannot fit into any form of body armour.
Your flesh is heat resistant. (rF+)
You are cold-blooded and may be slowed by cold attacks.
Your life essence is reduced to manifest your ancestor. (-10% HP)


Message History

Unknown command.
Firing (i - inventory. (,) - cycle):
r - 10 poisoned needles (quivered)
Press: ? - help, Shift-Dir - straight line, f/p - Joseph
Aim: Joseph, wielding a hunting sling and wearing a ring mail (heavily wounded, poisoned)
You shoot a poisoned needle. The poisoned needle hits Joseph!
Joseph looks as sick as possible!
Joseph is heavily wounded.
Joseph says, "You must be punished!
Or...
I want to punish you!"
Joseph shoots a sling bullet.
The sling bullet hits you!
* * * LOW HITPOINT WARNING * * *
Quintus hits Joseph.
Unknown command.
Evoke which item? (* to show all) (? for menu, Esc to quit)
Aiming: Scattershot
Press: ? - help, Shift-Dir - straight line, f/p - Joseph
Aim: Joseph, wielding a hunting sling and wearing a ring mail (heavily wounded, poisoned)
The burst of metal fragments hits Joseph. x3
Joseph is severely wounded.
Joseph shoots a sling bullet.
The sling bullet hits you!
You die...

#.....########...####..#...
#......#.....)...'.(.
#......'.........#...
#.....##########+#...
#.....#........ ....
.#.....#........ ....
#......'........ ....
#.#+####........ .....
#...?@....###### ###
###...)(....#
.......R@....#
.......(.....#
.............#
.............+
.............#
##############


You could see the friendly Quintus the ancestor and Joseph.

Vanquished Creatures
  Prince Ribbit (D:6)
  Edmund (D:5)
  Duvessa (D:5)
  An ice beast (D:6)
  An ogre (D:6)
  2 centaurs (D:5)
  4 bullfrogs (D:6)
  Dowan (D:5)
  A scorpion (D:5)
  5 killer bees (D:7)
  A centaur zombie (D:5)
  A bullfrog zombie (D:3)
  A hound (D:7)
  4 orc wizards
  Crazy Yiuf (D:3)
  2 orc priests (D:3)
  A bullfrog skeleton (D:4)
  7 worker ants
  Robin (D:1)
  A worker ant zombie (D:5)
  A gnoll (D:5)
  3 adders
  A shadow imp (D:6)
  5 oozes
  An adder skeleton (D:5)
  3 worms
  2 dart slugs
  5 leopard geckos
  18 orcs
  7 giant cockroaches
  27 goblins
  11 hobgoblins
  9 jackals
  3 quokkas
  2 ball pythons
  9 bats
  2 frilled lizards
  5 kobolds
  A quokka zombie (D:7)
  11 rats
164 creatures vanquished.

Vanquished Creatures (collateral kills)
  An orc warrior (D:7)
  A centaur (D:7)
  A bullfrog (D:6)
  A big kobold (D:6)
  A water moccasin zombie (D:6)
  2 crimson imps (D:6)
  A hound (D:6)
  An orc priest (D:6)
  2 orc wizards
  2 gnolls (D:6)
  A shadow imp (D:6)
  4 orcs
  2 giant cockroaches
  A kobold (D:6)
21 creatures vanquished.

Vanquished Creatures (others)
  2 ancestors (D:6)
2 creatures vanquished.

Grand Total: 187 creatures vanquished

Notes
Turn   | Place    | Note
-------+----------+-------------------------------------------
     0 | D:1      | mopl the Draconian Assassin began the quest for the Orb.
     0 | D:1      | Reached XP level 1. HP: 17/17 MP: 1/1
    78 | D:1      | Reached skill level 2 in Throwing
    88 | D:1      | Reached XP level 2. HP: 24/24 MP: 2/2
   203 | D:1      | Reached skill level 4 in Stealth
   319 | D:1      | Reached XP level 3. HP: 26/29 MP: 3/3
   435 | D:1      | Found an iron altar of Okawaru.
  1016 | D:2      | Reached XP level 4. HP: 32/36 MP: 4/4
  1378 | D:2      | Noticed Robin
  1600 | D:1      | Killed Robin
  1600 | D:1      | Reached skill level 3 in Short Blades
  1864 | D:2      | Found a deep blue altar of Sif Muna.
  2051 | D:3      | Reached skill level 5 in Stealth
  2051 | D:3      | Reached XP level 5. HP: 16/41 MP: 5/5
  2531 | D:3      | Reached skill level 3 in Throwing
  3131 | D:3      | Found a runed door.
  3136 | D:3      | Noticed Crazy Yiuf
  3147 | D:3      | Killed Crazy Yiuf
  3147 | D:3      | Reached XP level 6. HP: 48/48 MP: 6/6
  3740 | D:4      | You fall through a shaft!
  3740 | D:5      | Entered Level 5 of the Dungeon
  3747 | D:5      | Reached skill level 6 in Stealth
  3759 | D:5      | Noticed Edmund
  3776 | D:5      | Killed Edmund
  3776 | D:5      | Reached skill level 4 in Short Blades
  3841 | D:4      | Your scales start taking on a fiery red colour.
  3841 | D:4      | Reached XP level 7. HP: 50/55 MP: 7/7
  3841 | D:4      | Gained mutation: Your flesh is heat resistant. (rF+) [Red Draconian growth]
  4102 | D:4      | Found Cisarch's Antique Armour Boutique.
  4834 | D:5      | Reached skill level 4 in Throwing
  4847 | D:5      | Found a glowing golden altar of the Shining One.
  5064 | D:5      | Reached skill level 7 in Stealth
  5235 | D:5      | Found a white marble altar of Elyvilon.
  5249 | D:5      | Found a sacrificial altar of Ru.
  5249 | D:5      | Found a faded altar of an unknown god.
  5249 | D:5      | Noticed Duvessa
  5271 | D:5      | Killed Duvessa
  5283 | D:5      | Found a basalt altar of Yredelemnul.
  5283 | D:5      | Noticed Dowan
  5290 | D:5      | Found a hide-covered altar of Uskayaw.
  5296 | D:5      | Killed Dowan
  5297 | D:5      | Found a hazy altar of Hepliaklqana.
  5477 | D:5      | Reached skill level 5 in Short Blades
  5477 | D:5      | Reached XP level 8. HP: 39/61 MP: 8/8
  5568 | D:5      | Became a worshipper of Hepliaklqana the Forgotten
  5899 | D:6      | Reached skill level 1 in Invocations
  5971 | D:6      | Reached skill level 8 in Stealth
  6449 | D:6      | Reached skill level 2 in Invocations
  6484 | D:6      | Reached skill level 5 in Throwing
  7034 | D:6      | Found a staircase to the Ecumenical Temple.
  7120 | D:6      | Found Kymilee's Antique Weapon Shoppe.
  7122 | D:6      | Noticed Prince Ribbit
  7143 | D:6      | Reached skill level 3 in Invocations
  7158 | D:6      | Killed Prince Ribbit
  7158 | D:6      | Reached skill level 6 in Short Blades
  7158 | D:6      | Reached skill level 9 in Stealth
  7158 | D:6      | Reached XP level 9. HP: 28/60 MP: 11/11
  7195 | D:6      | Found a shadowy altar of Dithmenos.
  7589 | D:7      | Reached * piety under Hepliaklqana
  7650 | D:7      | Found an ornate altar of the Wu Jian Council.
  7768 | D:7      | Found a white marble altar of Elyvilon.
  7866 | D:7      | Noticed Joseph
  7889 | D:7      | Shot with a sling bullet by Joseph

Vault maps used:
D:1:      eino_arrival_cavern_a, minmay_misc_feat_secret_circle,
          okawaru_ov_weapons_minmay
D:2:      kennysheep_six_static_rooms, lemuel_blue_sif_altar, first_ration,
          uniq_robin
D:3:      uniq_crazy_yiuf_cottage
D:4:      serial_shops, nicolae_shop_behind_doors
D:5:      lemuel_doored_altar, chequers_temple_overflow_minitemple,
          lemuel_crystal_altar, uniq_edmund, uniq_duvessa
D:6:      kennysheep_mini_moat, minmay_temple_entry_mist, serial_shops,
          shop_statue, minmay_strange_pillars, uniq_prince_ribbit1
D:7:      kennysheep_little_box, basic_altar, uniq_joseph

Skill      XL: |  1  2  3  4  5  6  7  8 |
---------------+-------------------------+-----
Throwing       | 2 3 4 5 |  5.7
Stealth        | 4 5 6 7 9 |  9.4
Short Blades   | 3 4 5 6 |  6.4
Invocations    | 3 |  3.9
Fighting       | |  2.1
Dodging        | |  0.8

Action                   |  1- 3 |  4- 6 |  7- 9 || total
-------------------------+-------+-------+-------++-------
Melee: Dagger            |   126 |   244 |   332 ||   702
       Tailslap          |     8 |    29 |    46 ||    83
       Falchion          |       |     3 |       ||     3
 Fire: Blowgun           |       |    24 |    48 ||    72
Throw: Tomahawk          |       |     4 |       ||     4
 Abil: Breathe Fire      |       |       |     2 ||     2
Evoke: Wand              |       |       |     1 ||     1
  Use: Scroll            |       |     7 |     3 ||    10
 Stab: Sleeping          |    11 |     5 |    16 ||    32
       Distracted        |     1 |     1 |     2 ||     4
  Eat: Chunk             |     5 |    20 |    13 ||    38
Armor: Skin              |    35 |   107 |   120 ||   262
Dodge: Dodged            |    43 |   151 |   169 ||   363

Table legend:
 A = Spawn XP
 B = Non-spawn XP
 C = Spawn XP percentage of total XP
 D = Spawn monster count
 E = Non-spawn monster count
 F = Spawn count percentage of total count
 G = Total turns spent on level
                    A         B        C        D         E        F      G
               +---------+---------+-------+---------+---------+-------+---------
         Total |       0 |    3767 |   0.0 |       0 |     185 |   0.0 |  7889
               +---------+---------+-------+---------+---------+-------+---------
           D:1 |       0 |      86 |   0.0 |       0 |      35 |   0.0 |  1091
           D:2 |       0 |     136 |   0.0 |       0 |      41 |   0.0 |  1375
           D:3 |       0 |     278 |   0.0 |       0 |      27 |   0.0 |  1257
           D:4 |       0 |     164 |   0.0 |       0 |      13 |   0.0 |   972
           D:5 |       0 |     849 |   0.0 |       0 |      16 |   0.0 |  1392
           D:6 |       0 |    1491 |   0.0 |       0 |      35 |   0.0 |  1235
           D:7 |       0 |     763 |   0.0 |       0 |      18 |   0.0 |   567
               +---------+---------+-------+---------+---------+-------+---------
